 Dungeon Crawl Stone Soup version 0.21.0-3-g78d12a8 (webtiles) character file.

361 tv1990 the Bolt Thrower (level 6, 0/46 HPs)
             Began as a Formicid Hunter on Jan 14, 2018.
             Was a Follower of Okawaru.
             Slain by a mummy (11 damage)
             ... in an ossuary.
             The game lasted 00:06:17 (2784 turns).

tv1990 the Bolt Thrower (Formicid Hunter)           Turns: 2784, Time: 00:06:17

Health: 0/46       AC:  8    Str: 17    XL:     6   Next: 99%
Magic:  9/9        EV:  7    Int: 10    God:    Okawaru [*.....]
Gold:   137        SH:  0    Dex: 13    Spells: 5/5 levels left

rFire    . . .     SeeInvis +   a - +1 hand crossbow
rCold    . . .     Gourm    .   (no shield)
rNeg     . . .     Faith    +   k - +0 chain mail
rPois    +         Spirit   .   (helmet unavailable)
rElec    .         Reflect  .   (no cloak)
rCorr    .         Harm     .   (no gloves)
MR       .....                  (no boots)
Stlth    ..........             n - amulet of faith
HPRegen  0.15/turn              l - ring of poison resistance
MPRegen  0.11/turn              q - ring of loudness (curse)

@: no status effects
A: permanent stasis, dig shafts and tunnels, four strong arms, antennae 3
a: Dig, Shaft Self, Heroism, Renounce Religion


You were in an ossuary.
You worshipped Okawaru.
Okawaru was aware of your devotion.
You were not hungry.

You visited 1 branch of the dungeon, and saw 4 of its levels.
You also visited: Ossuary.

You collected 137 gold pieces.

Inventory:

Hand Weapons
 a - a +1 hand crossbow (weapon)
 b - a +1 short sword of freezing
 j - a +0 short sword
Missiles
 d - 22 bolts (quivered)
Armour
 c - a +0 leather armour
 k - a +0 chain mail (worn)
Jewellery
 l - a ring of poison resistance (left hand)
 n - an amulet of faith (around neck)
 q - a cursed ring of loudness (right hand)
Scrolls
 e - a scroll of amnesia
 h - a scroll of teleportation
 m - a scroll of identify
Potions
 g - 4 potions of curing
 i - a potion of resistance
 p - a potion of magic {unknown}
 r - 2 potions of agility {unknown}
Comestibles
 f - a ration


   Skills:
 - Level 2.9 Fighting
 + Level 6.2 Crossbows
 - Level 1.6 Armour
 - Level 1.7 Dodging
 - Level 1.2 Stealth
 + Level 4.3 Invocations


You had 5 spell levels left.
You didn't know any spells.

Dungeon Overview and Level Annotations

Branches:
Dungeon (4/15)
 Temple: D:4-7

Altars:
Dithmenos
Kikubaaqudgha
Okawaru


Innate Abilities, Weirdness & Mutations

You cannot be hasted, slowed, berserked, paralysed or teleported.
You can dig through walls and to a lower floor.
Your four strong arms can wield two-handed weapons with a shield.
You have a pair of large antennae on your head. (SInv)


Message History

Aim: a mummy You shoot a bolt.
The bolt hits the mummy.
The mummy closely misses you.
Aim: a mummy (lightly damaged)
You shoot a bolt.
The bolt hits the mummy but does no damage.
Aim: a mummy (lightly damaged)
You shoot a bolt.
The bolt hits the mummy but does no damage.
The mummy barely misses you.
Aim: a mummy (lightly damaged)
You shoot a bolt. The bolt hits the mummy!
The mummy hits you.
* * * LOW HITPOINT WARNING * * *
Aim: a mummy (severely damaged)
You shoot a bolt. The bolt hits the mummy.
Aim: a mummy (severely damaged)
You shoot a bolt. The bolt barely misses the mummy.
The mummy hits you but does no damage.
Aim: a mummy (severely damaged)
You shoot a bolt. The bolt completely misses the mummy.
The mummy hits you!
You die...

....(.(.(..
....(.....
........
(.(...
#.(..#
#(...#
#M(..#
#.@..#
#....#
#....#
#....#
#....#
#.∩∩.#
######


You could see a mummy.

Vanquished Creatures
  A phantom (D:3)
  The ghost of hilaritas the Slasher, an amateur DsGl (D:3)
  An orc priest (D:2)
  An orc wizard (D:2)
  A mummy (Ossuary)
  5 adders
  3 worms
  2 dart slugs
  2 leopard geckos
  3 orcs (D:2)
  A giant cockroach (D:2)
  3 goblins
  4 hobgoblins
  7 jackals (D:1)
  4 kobolds
  2 quokkas
  3 ball pythons
  4 bats
  9 frilled lizards
  A gnoll zombie (Ossuary)
  A hobgoblin zombie (Ossuary)
  A kobold zombie (Ossuary)
  A leopard gecko skeleton (D:4)
  4 orc zombies (Ossuary)
  8 rats
73 creatures vanquished.

Vanquished Creatures (others)
  A human (D:3)
1 creature vanquished.

Grand Total: 74 creatures vanquished

Notes
Turn   | Place    | Note
-------+----------+-------------------------------------------
     0 | D:1      | tv1990 the Formicid Hunter began the quest for the Orb.
     0 | D:1      | Reached XP level 1. HP: 16/16 MP: 1/1
    87 | D:1      | Reached XP level 2. HP: 11/23 MP: 2/2
   515 | D:1      | Reached skill level 1 in Armour
   555 | D:1      | Reached XP level 3. HP: 22/28 MP: 3/3
   783 | D:2      | Found a shadowy altar of Dithmenos.
   841 | D:2      | Reached XP level 4. HP: 26/34 MP: 4/4
   934 | D:2      | Found an iron altar of Okawaru.
   950 | D:2      | Became a worshipper of Warmaster Okawaru
  1403 | D:2      | Reached skill level 1 in Invocations
  1417 | D:2      | Reached skill level 5 in Crossbows
  1417 | D:2      | Reached XP level 5. HP: 17/40 MP: 4/6
  2339 | D:3      | Noticed a phantom
  2352 | D:3      | Killed a phantom
  2352 | D:3      | Reached XP level 6. HP: 45/46 MP: 6/8
  2378 | D:3      | Noticed hilaritas's ghost (amateur DsGl)
  2390 | D:3      | Killed hilaritas's ghost
  2390 | D:3      | Reached * piety under Okawaru
  2390 | D:3      | Reached skill level 6 in Crossbows
  2630 | D:3      | Found an ancient bone altar of Kikubaaqudgha.
  2633 | D:3      | Noticed a human
  2635 | D:3      | Killed a human
  2737 | D:4      | Found a sand-covered staircase.
  2742 | Ossuary  | Entered an ossuary
  2784 | Ossuary  | Slain by a mummy

Skill      XL: |  1  2  3  4  5  6 |
---------------+-------------------+-----
Armour         | 1 |  1.6
Invocations    | 1 3 4 |  4.3
Crossbows      | 5 6 |  6.2
Fighting       | |  2.9
Dodging        | |  1.7
Stealth        | |  1.2

Action                   |  1- 3 |  4- 6 || total
-------------------------+-------+-------++-------
Melee: Short sword       |    60 |    53 ||   113
 Fire: Hand crossbow     |    10 |   106 ||   116
 Abil: Dig               |       |     2 ||     2
  Use: Scroll            |       |     6 ||     6
 Stab: Sleeping          |     2 |     1 ||     3
  Eat: Chunk             |       |     6 ||     6
Armor: Leather armour    |    21 |     7 ||    28
       Chain mail        |       |    32 ||    32
Dodge: Dodged            |    52 |    43 ||    95

Vault maps used:
D:1:      minmay_arrival_cross, minmay_misc_feat_square
D:2:      okawaru_metal_pillars_1_2, grunt_dithmenos_smoke_and_mirrors
D:3:      tgw_kikubaaqudgha
D:4:      fedhas_altar_2, kennysheep_little_box, enter_ossuary_2
Ossuary:  ossuary_tomb_3
